[Event "Donostia Chess Festival"]
[Site "San Sebastian/Spain"]
[Date "2011.12.29"]
[Round "2"]
[White "Mamedyarov, Shakhriyar"]
[Black "Argandona Riveiro, Inigo"]
[Result "1/2-1/2"]
[ECO "A84"]
[WhiteElo "2733"]
[BlackElo "2387"]
[Annotator "Robot 9"]
[PlyCount "31"]
[EventDate "2011.??.??"]
[TimeControl "7200+30"]

1. d4 d5 2. c4 e6 3. Nc3 c6 4. e3 Bd6 5. Bd3 f5 6. Nge2 Nh6 7. f3 O-O 8. O-O
Nd7 9. e4 fxe4 10. fxe4 Bxh2+ 11. Kxh2 Qh4+ 12. Kg1 Ng4 13. Rxf8+ Nxf8 14. Bf4
Qf2+ 15. Kh1 Qh4+ 16. Kg1 1/2-1/2

[Event "Donostia Chess Festival"]
[Site "San Sebastian/Spain"]
[Date "2011.12.29"]
[Round "2"]
[White "Bacrot, Etienne"]
[Black "Aizpurua Zufiria, Inaki"]
[Result "*"]
[ECO "B01"]
[WhiteElo "2714"]
[BlackElo "1609"]
[Annotator "Robot 9"]
[PlyCount "37"]
[EventDate "2011.??.??"]
[TimeControl "7200+30"]

1. e4 d5 2. exd5 Qxd5 3. Nc3 Qa5 4. d4 Nf6 5. Bd2 c6 6. Bc4 Bf5 7. Nd5 Qd8 8.
Nxf6+ exf6 9. Ne2 Bd6 10. O-O Qc7 11. Ng3 Be6 12. Re1 O-O 13. Bxe6 fxe6 14.
Rxe6 Nd7 15. Qh5 Bxg3 16. hxg3 Rf7 17. Rae1 Nf8 18. R6e4 Qd7 19. Bb4 *

[Event "Donostia Chess Festival"]
[Site "San Sebastian/Spain"]
[Date "2011.12.29"]
[Round "2"]
[White "Aizpurua Zufiria, Inaki"]
[Black "Bacrot, Etienne"]
[Result "*"]
[ECO "D00"]
[WhiteElo "1609"]
[BlackElo "2714"]
[Annotator "Robot 9"]
[PlyCount "28"]
[EventDate "2011.??.??"]
[TimeControl "7200+30"]

1. d4 Nf6 2. Nf3 g6 3. Nc3 d5 4. Bf4 Bg7 5. e3 O-O 6. Be2 c5 7. O-O cxd4 8.
exd4 Nc6 9. a3 Ne4 10. Qe1 Bf5 11. Rd1 Nxc3 12. Qxc3 Qb6 13. b4 Be4 14. Be3
Rfc8 *

[Event "Donostia Chess Festival"]
[Site "San Sebastian/Spain"]
[Date "2011.12.29"]
[Round "2"]
[White "Naiditsch, Arkadij"]
[Black "Barria Zuniga, Daniel"]
[Result "*"]
[ECO "A30"]
[WhiteElo "2712"]
[BlackElo "2438"]
[Annotator "Robot 9"]
[PlyCount "28"]
[EventDate "2011.??.??"]
[TimeControl "7200+30"]

1. c4 e6 2. Nc3 c5 3. Nf3 Nf6 4. g3 b6 5. Bg2 Bb7 6. O-O Be7 7. Re1 Ne4 8. Qc2
Nxc3 9. dxc3 d6 10. Bf4 Qc7 11. Rad1 Nc6 12. Ng5 Bxg5 13. Bxg5 f6 14. Bf4 Rd8 *

[Event "Donostia Chess Festival"]
[Site "San Sebastian/Spain"]
[Date "2011.12.29"]
[Round "2"]
[White "Barria Zuniga, Daniel"]
[Black "Naiditsch, Arkadij"]
[Result "*"]
[ECO "D50"]
[WhiteElo "2438"]
[BlackElo "2712"]
[Annotator "Robot 9"]
[PlyCount "22"]
[EventDate "2011.??.??"]
[TimeControl "7200+30"]

1. d4 Nf6 2. c4 e6 3. Nf3 d5 4. Nc3 c5 5. Bg5 cxd4 6. Qxd4 Nc6 7. Bxf6 gxf6 8.
Qh4 dxc4 9. e3 b5 10. Be2 Bd7 11. O-O f5 *

[Event "Donostia Chess Festival"]
[Site "San Sebastian/Spain"]
[Date "2011.12.29"]
[Round "2"]
[White "Vachier-Lagrave, Maxime"]
[Black "Cruz-Lopez Claret, Carlos"]
[Result "*"]
[ECO "D23"]
[WhiteElo "2710"]
[BlackElo "2334"]
[Annotator "Robot 9"]
[PlyCount "29"]
[EventDate "2011.??.??"]
[TimeControl "7200+30"]

1. c4 c6 2. d4 d5 3. Nf3 Nf6 4. Qc2 dxc4 5. Qxc4 Bf5 6. Nc3 e6 7. g3 Nbd7 8.
Bg2 Be7 9. O-O O-O 10. Re1 Ne4 11. Bf4 Qb6 12. Nh4 Bxh4 13. gxh4 Ndf6 14. f3
Nxc3 15. bxc3 *

[Event "Donostia Chess Festival"]
[Site "San Sebastian/Spain"]
[Date "2011.12.29"]
[Round "2"]
[White "Cruz-Lopez Claret, Carlos"]
[Black "Vachier-Lagrave, Maxime"]
[Result "*"]
[ECO "A68"]
[WhiteElo "2334"]
[BlackElo "2710"]
[Annotator "Robot 9"]
[PlyCount "42"]
[EventDate "2011.??.??"]
[TimeControl "7200+30"]

1. d4 Nf6 2. c4 g6 3. Nc3 Bg7 4. e4 d6 5. f4 O-O 6. Nf3 c5 7. d5 e6 8. Be2 exd5
9. cxd5 Bg4 10. O-O Nbd7 11. h3 Bxf3 12. Bxf3 Re8 13. Re1 c4 14. Be3 Qa5 15.
Bd4 Nc5 16. b4 Qxb4 17. Rb1 Qa5 18. Rb5 Qa6 19. Bxc5 Nxe4 20. Nxe4 Qxb5 21. Bf2
c3 *

[Event "Donostia Chess Festival"]
[Site "San Sebastian/Spain"]
[Date "2011.12.29"]
[Round "2"]
[White "Gashimov, Vugar"]
[Black "Martin Alvarez, Inigo"]
[Result "*"]
[ECO "C30"]
[WhiteElo "2757"]
[BlackElo "2262"]
[Annotator "Robot 9"]
[PlyCount "37"]
[EventDate "2011.??.??"]
[TimeControl "7200+30"]

1. e4 d6 2. Nc3 Nf6 3. f4 e5 4. Nf3 Nbd7 5. Bc4 Be7 6. d3 c6 7. a4 O-O 8. O-O
b6 9. Qe1 Bb7 10. fxe5 Nxe5 11. Nxe5 dxe5 12. Qg3 Qd6 13. Rf5 Bc8 14. Rg5 Kh8
15. Kh1 h6 16. Rxe5 Ng4 17. Rxe7 Qxe7 18. Bf4 Rd8 19. Re1 *

[Event "Donostia Chess Festival"]
[Site "San Sebastian/Spain"]
[Date "2011.12.29"]
[Round "2"]
[White "Martin Alvarez, Inigo"]
[Black "Gashimov, Vugar"]
[Result "*"]
[ECO "B15"]
[WhiteElo "2262"]
[BlackElo "2757"]
[Annotator "Robot 9"]
[PlyCount "39"]
[EventDate "2011.??.??"]
[TimeControl "7200+30"]

1. e4 g6 2. d4 Bg7 3. Nc3 c6 4. f4 d5 5. Nf3 Bg4 6. e5 Qb6 7. h3 Bxf3 8. Qxf3
Qxd4 9. Be3 Qb4 10. O-O-O e6 11. g4 Nd7 12. h4 h5 13. Bh3 hxg4 14. Bxg4 Nh6 15.
a3 Qe7 16. h5 gxh5 17. Rxh5 Nxg4 18. Qxg4 O-O-O 19. Rxh8 Bxh8 20. Bf2 *

[Event "Donostia Chess Festival"]
[Site "San Sebastian/Spain"]
[Date "2011.12.29"]
[Round "2"]
[White "Argandona Riveiro, Inigo"]
[Black "Mamedyarov, Shakhriyar"]
[Result "*"]
[ECO "A42"]
[WhiteElo "2387"]
[BlackElo "2733"]
[Annotator "Robot 9"]
[PlyCount "33"]
[EventDate "2011.??.??"]
[TimeControl "7200+30"]

1. c4 g6 2. e4 Bg7 3. d4 d6 4. Nc3 Nc6 5. Be3 e5 6. d5 Nce7 7. g4 f5 8. gxf5
gxf5 9. Qh5+ Ng6 10. exf5 Qh4 11. Qxh4 Nxh4 12. Nb5 Kd8 13. Nxa7 Bd7 14. Nb5
Nxf5 15. Nc3 Nxe3 16. fxe3 Bh6 17. Nd1 *

[Event "Donostia Chess Festival"]
[Site "San Sebastian/Spain"]
[Date "2011.12.29"]
[Round "2"]
[White "Ponomariov, Ruslan"]
[Black "Brunner, Nicolas"]
[Result "*"]
[ECO "D23"]
[WhiteElo "2723"]
[BlackElo "2456"]
[Annotator "Robot 9"]
[PlyCount "40"]
[EventDate "2011.??.??"]
[TimeControl "7200+30"]

1. d4 d5 2. c4 c6 3. Nf3 Nf6 4. Qb3 dxc4 5. Qxc4 Bf5 6. g3 e6 7. Bg2 Nbd7 8.
O-O Be7 9. e3 O-O 10. Rd1 Rc8 11. Qe2 Bg6 12. Nc3 b5 13. b3 Ne4 14. Bb2 Nxc3
15. Bxc3 Qb6 16. b4 Qb7 17. e4 Rfd8 18. a4 a6 19. a5 c5 20. dxc5 Bxe4 *

[Event "Donostia Chess Festival"]
[Site "San Sebastian/Spain"]
[Date "2011.12.29"]
[Round "2"]
[White "Brunner, Nicolas"]
[Black "Ponomariov, Ruslan"]
[Result "*"]
[ECO "E32"]
[WhiteElo "2456"]
[BlackElo "2723"]
[Annotator "Robot 9"]
[PlyCount "37"]
[EventDate "2011.??.??"]
[TimeControl "7200+30"]

1. d4 Nf6 2. c4 e6 3. Nc3 Bb4 4. Qc2 d6 5. a3 Bxc3+ 6. Qxc3 O-O 7. f3 Nbd7 8.
e4 c5 9. Bd3 d5 10. e5 cxd4 11. Qxd4 dxc4 12. exf6 cxd3 13. fxg7 Re8 14. Qxd3
Qh4+ 15. g3 Qf6 16. Qe3 b6 17. Ne2 Bb7 18. O-O Ne5 19. Nf4 *

[Event "Donostia Chess Festival"]
[Site "San Sebastian/Spain"]
[Date "2011.12.29"]
[Round "2"]
[White "Moiseenko, Alexander"]
[Black "Komljenovic, Davorin"]
[Result "*"]
[ECO "B06"]
[WhiteElo "2715"]
[BlackElo "2451"]
[Annotator "Robot 9"]
[PlyCount "23"]
[EventDate "2011.??.??"]
[TimeControl "7200+30"]

1. d4 g6 2. e4 Bg7 3. Nc3 d6 4. f4 a6 5. Be3 b5 6. Bd3 Bb7 7. Nf3 b4 8. Ne2 Nf6
9. Ng3 Nbd7 10. Qd2 a5 11. f5 Ng4 12. Bg5 *

[Event "Donostia Chess Festival"]
[Site "San Sebastian/Spain"]
[Date "2011.12.29"]
[Round "2"]
[White "Komljenovic, Davorin"]
[Black "Moiseenko, Alexander"]
[Result "*"]
[ECO "E35"]
[WhiteElo "2451"]
[BlackElo "2715"]
[Annotator "Robot 9"]
[PlyCount "39"]
[EventDate "2011.??.??"]
[TimeControl "7200+30"]

1. d4 Nf6 2. c4 e6 3. Nc3 Bb4 4. Qc2 d5 5. cxd5 exd5 6. Nf3 c5 7. Bg5 cxd4 8.
Nxd4 Nc6 9. Rd1 h6 10. Bxf6 Qxf6 11. e3 O-O 12. Be2 Be6 13. O-O Rac8 14. Nxe6
fxe6 15. Qb3 Bxc3 16. Qxc3 Qxc3 17. bxc3 Na5 18. Rd3 Rc6 19. f4 Nc4 20. Bg4 *

[Event "Donostia Chess Festival"]
[Site "San Sebastian/Spain"]
[Date "2011.12.29"]
[Round "2"]
[White "Tung, Siu Hung"]
[Black "Dominguez Perez, Leinier"]
[Result "0-1"]
[ECO "B03"]
[WhiteElo "1922"]
[BlackElo "2712"]
[Annotator "Robot 9"]
[PlyCount "56"]
[EventDate "2011.??.??"]
[TimeControl "7200+30"]

1. e4 Nf6 2. e5 Nd5 3. c4 Nb6 4. d4 d6 5. f4 g5 6. Nc3 Bg7 7. Nf3 Bg4 8. Be2
gxf4 9. Bxf4 Nc6 10. O-O dxe5 11. Bxe5 Nxe5 12. Nxe5 Bxe2 13. Nxe2 Bxe5 14.
dxe5 Qxd1 15. Raxd1 e6 16. Rd4 Nd7 17. Re4 Rd8 18. Nc3 Rg8 19. Nb5 a6 20. Nxc7+
Ke7 21. Nd5+ exd5 22. cxd5 Nc5 23. d6+ Ke8 24. Ref4 Rg7 25. R1f3 Nd7 26. Re3
Rg6 27. Kf2 Rc8 28. Re2 Rc5 0-1

[Event "Donostia Chess Festival"]
[Site "San Sebastian/Spain"]
[Date "2011.12.29"]
[Round "2"]
[White "Bacrot, Etienne"]
[Black "Aizpurua Zufiria, Inaki"]
[Result "1-0"]
[ECO "B01"]
[WhiteElo "2714"]
[BlackElo "1609"]
[Annotator "Robot 9"]
[PlyCount "39"]
[EventDate "2011.??.??"]
[TimeControl "7200+30"]

1. e4 d5 2. exd5 Qxd5 3. Nc3 Qa5 4. d4 Nf6 5. Bd2 c6 6. Bc4 Bf5 7. Nd5 Qd8 8.
Nxf6+ exf6 9. Ne2 Bd6 10. O-O Qc7 11. Ng3 Be6 12. Re1 O-O 13. Bxe6 fxe6 14.
Rxe6 Nd7 15. Qh5 Bxg3 16. hxg3 Rf7 17. Rae1 Nf8 18. R6e4 Qd7 19. Bb4 Ng6 20.
Qe2 1-0

[Event "Donostia Chess Festival"]
[Site "San Sebastian/Spain"]
[Date "2011.12.29"]
[Round "2"]
[White "Aizpurua Zufiria, Inaki"]
[Black "Bacrot, Etienne"]
[Result "0-1"]
[ECO "D00"]
[WhiteElo "1609"]
[BlackElo "2714"]
[Annotator "Robot 9"]
[PlyCount "46"]
[EventDate "2011.??.??"]
[TimeControl "7200+30"]

1. d4 Nf6 2. Nf3 g6 3. Nc3 d5 4. Bf4 Bg7 5. e3 O-O 6. Be2 c5 7. O-O cxd4 8.
exd4 Nc6 9. a3 Ne4 10. Qe1 Bf5 11. Rd1 Nxc3 12. Qxc3 Qb6 13. b4 Be4 14. Be3
Rfc8 15. Qd2 a5 16. b5 Nb8 17. c4 dxc4 18. a4 c3 19. Qc1 Nd7 20. d5 Qd6 21. Bf4
Qb4 22. Ng5 c2 23. Rd2 Bb2 0-1

[Event "Donostia Chess Festival"]
[Site "San Sebastian/Spain"]
[Date "2011.12.29"]
[Round "2"]
[White "Dominguez Perez, Leinier"]
[Black "Tung, Siu Hung"]
[Result "0-1"]
[ECO "A20"]
[WhiteElo "2712"]
[BlackElo "1922"]
[Annotator "Robot 9"]
[PlyCount "47"]
[EventDate "2011.??.??"]
[TimeControl "7200+30"]

1. c4 e5 2. g3 Nf6 3. Bg2 c6 4. d4 e4 5. Nc3 d5 6. cxd5 cxd5 7. Bg5 Bb4 8. Rc1
Nc6 9. Nh3 h6 10. Bxf6 Qxf6 11. Nf4 Be6 12. O-O Rd8 13. Qb3 Bxc3 14. bxc3 Qe7
15. e3 O-O 16. Qa4 Qc7 17. c4 g5 18. Nxd5 Rxd5 19. cxd5 Bxd5 20. Rc5 Qd7 21.
Rfc1 Rd8 22. Qb5 Kg7 23. Rxd5 Qxd5 24. Qxb7 0-1

[Event "Donostia Chess Festival"]
[Site "San Sebastian/Spain"]
[Date "2011.12.29"]
[Round "2"]
[White "Cruz-Lopez Claret, Carlos"]
[Black "Vachier-Lagrave, Maxime"]
[Result "1/2-1/2"]
[ECO "A68"]
[WhiteElo "2334"]
[BlackElo "2710"]
[Annotator "Robot 9"]
[PlyCount "69"]
[EventDate "2011.??.??"]
[TimeControl "7200+30"]

1. d4 Nf6 2. c4 g6 3. Nc3 Bg7 4. e4 d6 5. f4 O-O 6. Nf3 c5 7. d5 e6 8. Be2 exd5
9. cxd5 Bg4 10. O-O Nbd7 11. h3 Bxf3 12. Bxf3 Re8 13. Re1 c4 14. Be3 Qa5 15.
Bd4 Nc5 16. b4 Qxb4 17. Rb1 Qa5 18. Rb5 Qa6 19. Bxc5 Nxe4 20. Nxe4 Qxb5 21. Bf2
c3 22. Nxd6 Rxe1+ 23. Qxe1 Qb2 24. Nc4 Qxa2 25. Ne5 c2 26. Be3 Qb1 27. Bc1 Re8
28. Qd2 Rxe5 29. fxe5 Bxe5 30. d6 Bxd6 31. Be4 Ba3 32. Qd8+ Bf8 33. Qd2 Ba3 34.
Qd8+ Bf8 35. Qd2 1/2-1/2

[Event "Donostia Chess Festival"]
[Site "San Sebastian/Spain"]
[Date "2011.12.29"]
[Round "2"]
[White "Vachier-Lagrave, Maxime"]
[Black "Cruz-Lopez Claret, Carlos"]
[Result "1-0"]
[ECO "D23"]
[WhiteElo "2710"]
[BlackElo "2334"]
[Annotator "Robot 9"]
[PlyCount "55"]
[EventDate "2011.??.??"]
[TimeControl "7200+30"]

1. c4 c6 2. d4 d5 3. Nf3 Nf6 4. Qc2 dxc4 5. Qxc4 Bf5 6. Nc3 e6 7. g3 Nbd7 8.
Bg2 Be7 9. O-O O-O 10. Re1 Ne4 11. Bf4 Qb6 12. Nh4 Bxh4 13. gxh4 Ndf6 14. f3
Nxc3 15. bxc3 Nd5 16. Bc1 Qc7 17. e4 Nb6 18. Qe2 Bg6 19. a4 f6 20. a5 Nd7 21.
f4 e5 22. h5 Bf7 23. h6 g6 24. Rf1 Kh8 25. fxe5 fxe5 26. Ba3 c5 27. dxc5 Nxc5
28. Qf2 1-0

[Event "Donostia Chess Festival"]
[Site "San Sebastian/Spain"]
[Date "2011.12.29"]
[Round "2"]
[White "Martin Alvarez, Inigo"]
[Black "Gashimov, Vugar"]
[Result "0-1"]
[ECO "B15"]
[WhiteElo "2262"]
[BlackElo "2757"]
[Annotator "Robot 9"]
[PlyCount "52"]
[EventDate "2011.??.??"]
[TimeControl "7200+30"]

1. e4 g6 2. d4 Bg7 3. Nc3 c6 4. f4 d5 5. Nf3 Bg4 6. e5 Qb6 7. h3 Bxf3 8. Qxf3
Qxd4 9. Be3 Qb4 10. O-O-O e6 11. g4 Nd7 12. h4 h5 13. Bh3 hxg4 14. Bxg4 Nh6 15.
a3 Qe7 16. h5 gxh5 17. Rxh5 Nxg4 18. Qxg4 O-O-O 19. Rxh8 Bxh8 20. Bf2 f6 21.
Bh4 Qf7 22. f5 Nxe5 23. fxe6 Nxg4 24. exf7 Rf8 25. Rg1 f5 26. Re1 Be5 0-1

[Event "Donostia Chess Festival"]
[Site "San Sebastian/Spain"]
[Date "2011.12.29"]
[Round "2"]
[White "Brunner, Nicolas"]
[Black "Ponomariov, Ruslan"]
[Result "0-1"]
[ECO "E32"]
[WhiteElo "2456"]
[BlackElo "2723"]
[Annotator "Robot 9"]
[PlyCount "86"]
[EventDate "2011.??.??"]
[TimeControl "7200+30"]

1. d4 Nf6 2. c4 e6 3. Nc3 Bb4 4. Qc2 d6 5. a3 Bxc3+ 6. Qxc3 O-O 7. f3 Nbd7 8.
e4 c5 9. Bd3 d5 10. e5 cxd4 11. Qxd4 dxc4 12. exf6 cxd3 13. fxg7 Re8 14. Qxd3
Qh4+ 15. g3 Qf6 16. Qe3 b6 17. Ne2 Bb7 18. O-O Ne5 19. Nf4 Rad8 20. Nh5 Nxf3+
21. Rxf3 Qxf3 22. Qxf3 Bxf3 23. Nf6+ Kxg7 24. Nxe8+ Rxe8 25. Be3 e5 26. Kf2 Bc6
27. Rd1 Re6 28. Bg5 Kg6 29. Bd8 Kf5 30. Ke3 Rh6 31. Rd2 Ke6 32. Bc7 Bd5 33. Bb8
a6 34. Bc7 b5 35. Rf2 Rg6 36. Bd8 f5 37. Ba5 h5 38. Rc2 h4 39. Be1 Rg4 40. Kf2
f4 41. Rc3 fxg3+ 42. hxg3 h3 43. Kg1 Re4 0-1

[Event "Donostia Chess Festival"]
[Site "San Sebastian/Spain"]
[Date "2011.12.29"]
[Round "2"]
[White "Komljenovic, Davorin"]
[Black "Moiseenko, Alexander"]
[Result "1/2-1/2"]
[ECO "E35"]
[WhiteElo "2451"]
[BlackElo "2715"]
[Annotator "Robot 9"]
[PlyCount "80"]
[EventDate "2011.??.??"]
[TimeControl "7200+30"]

1. d4 Nf6 2. c4 e6 3. Nc3 Bb4 4. Qc2 d5 5. cxd5 exd5 6. Nf3 c5 7. Bg5 cxd4 8.
Nxd4 Nc6 9. Rd1 h6 10. Bxf6 Qxf6 11. e3 O-O 12. Be2 Be6 13. O-O Rac8 14. Nxe6
fxe6 15. Qb3 Bxc3 16. Qxc3 Qxc3 17. bxc3 Na5 18. Rd3 Rc6 19. f4 Nc4 20. Bg4 Kf7
21. e4 dxe4 22. Rd7+ Kf6 23. Re1 Rf7 24. Rxf7+ Kxf7 25. Rxe4 Nb6 26. Re5 Nd7
27. Ra5 a6 28. Bf3 Rc7 29. Ra3 Nc5 30. Kf2 b5 31. Ke3 Na4 32. Kd2 Kf6 33. Be2
Nc5 34. c4 b4 35. Ra5 e5 36. fxe5+ Kxe5 37. Ke3 Kd6 38. Kd4 Ne6+ 39. Ke3 Nc5
40. Kd4 Ne6+ 1/2-1/2

[Event "Donostia Chess Festival"]
[Site "San Sebastian/Spain"]
[Date "2011.12.29"]
[Round "2"]
[White "Moiseenko, Alexander"]
[Black "Komljenovic, Davorin"]
[Result "1-0"]
[ECO "B06"]
[WhiteElo "2715"]
[BlackElo "2451"]
[Annotator "Robot 9"]
[PlyCount "57"]
[EventDate "2011.??.??"]
[TimeControl "7200+30"]

1. d4 g6 2. e4 Bg7 3. Nc3 d6 4. f4 a6 5. Be3 b5 6. Bd3 Bb7 7. Nf3 b4 8. Ne2 Nf6
9. Ng3 Nbd7 10. Qd2 a5 11. f5 Ng4 12. Bg5 c5 13. Qf4 Ngf6 14. e5 Nd5 15. Qe4
Qb6 16. e6 fxe6 17. fxg6 e5 18. Nh5 Bf6 19. g7 Rg8 20. Bc4 Qc6 21. dxe5 Bxg5
22. Rd1 N7b6 23. Bxd5 Nxd5 24. Nxg5 O-O-O 25. Nf7 Rde8 26. Nh6 dxe5 27. Nxg8
Qe6 28. O-O Qxg8 29. Qxe5 1-0

[Event "Donostia Chess Festival"]
[Site "San Sebastian/Spain"]
[Date "2011.12.29"]
[Round "2"]
[White "Gashimov, Vugar"]
[Black "Martin Alvarez, Inigo"]
[Result "1/2-1/2"]
[ECO "C30"]
[WhiteElo "2757"]
[BlackElo "2262"]
[Annotator "Robot 9"]
[PlyCount "99"]
[EventDate "2011.??.??"]
[TimeControl "7200+30"]

1. e4 d6 2. Nc3 Nf6 3. f4 e5 4. Nf3 Nbd7 5. Bc4 Be7 6. d3 c6 7. a4 O-O 8. O-O
b6 9. Qe1 Bb7 10. fxe5 Nxe5 11. Nxe5 dxe5 12. Qg3 Qd6 13. Rf5 Bc8 14. Rg5 Kh8
15. Kh1 h6 16. Rxe5 Ng4 17. Rxe7 Qxe7 18. Bf4 Rd8 19. Re1 Be6 20. e5 Re8 21. b3
Bxc4 22. bxc4 Nf6 23. Qf3 Qc5 24. Rf1 Nd7 25. Ne4 Nxe5 26. Qh5 Qe7 27. Bxh6 Kg8
28. Bf4 f6 29. h3 Qf7 30. Qh4 Ng6 31. Qg3 Rxe4 32. dxe4 Qxc4 33. Re1 Nxf4 34.
Qxf4 Re8 35. Qc7 Qxa4 36. c3 Re5 37. Qd7 Qc4 38. Qxa7 Qxc3 39. Qa2+ Kh7 40. Qf2
Ra5 41. Rb1 Qe5 42. Qxb6 Qxe4 43. Rc1 Rh5 44. Qb3 c5 45. Rc4 Qe1+ 46. Kh2 Qe5+
47. Kg1 Qe1+ 48. Kh2 Qe5+ 49. Kg1 Qa1+ 50. Kh2 1/2-1/2

[Event "Donostia Chess Festival"]
[Site "San Sebastian/Spain"]
[Date "2011.12.29"]
[Round "2"]
[White "Ponomariov, Ruslan"]
[Black "Brunner, Nicolas"]
[Result "1-0"]
[ECO "D23"]
[WhiteElo "2723"]
[BlackElo "2456"]
[Annotator "Robot 9"]
[PlyCount "81"]
[EventDate "2011.??.??"]
[TimeControl "7200+30"]

1. d4 d5 2. c4 c6 3. Nf3 Nf6 4. Qb3 dxc4 5. Qxc4 Bf5 6. g3 e6 7. Bg2 Nbd7 8.
O-O Be7 9. e3 O-O 10. Rd1 Rc8 11. Qe2 Bg6 12. Nc3 b5 13. b3 Ne4 14. Bb2 Nxc3
15. Bxc3 Qb6 16. b4 Qb7 17. e4 Rfd8 18. a4 a6 19. a5 c5 20. dxc5 Bxe4 21. Rac1
Nf6 22. Ne1 Rxd1 23. Rxd1 Bxg2 24. Nxg2 Nd5 25. Qe4 Qc6 26. Be5 Bf8 27. Ne3 Rd8
28. Nxd5 exd5 29. Qf3 Qe6 30. Bc3 Qd7 31. Kg2 Qc6 32. h4 Qd7 33. Bd4 Qe6 34.
Rd3 Qd7 35. Re3 Qc6 36. h5 h6 37. Qf5 Qb7 38. g4 Qc6 39. g5 Qd7 40. Qxd7 Rxd7
41. Re8 1-0

[Event "Donostia Chess Festival"]
[Site "San Sebastian/Spain"]
[Date "2011.12.29"]
[Round "2"]
[White "Argandona Riveiro, Inigo"]
[Black "Mamedyarov, Shakhriyar"]
[Result "0-1"]
[ECO "A42"]
[WhiteElo "2387"]
[BlackElo "2733"]
[Annotator "Robot 9"]
[PlyCount "83"]
[EventDate "2011.??.??"]
[TimeControl "7200+30"]

1. c4 g6 2. e4 Bg7 3. d4 d6 4. Nc3 Nc6 5. Be3 e5 6. d5 Nce7 7. g4 f5 8. gxf5
gxf5 9. Qh5+ Ng6 10. exf5 Qh4 11. Qxh4 Nxh4 12. Nb5 Kd8 13. Nxa7 Bd7 14. Nb5
Nxf5 15. Nc3 Nxe3 16. fxe3 Bh6 17. Nd1 c6 18. Ne2 cxd5 19. cxd5 Nf6 20. Nec3
Rg8 21. a4 Rg4 22. b3 Ke7 23. Ra2 Rc8 24. Bc4 Rh4 25. Rg2 Bh3 26. Rf2 Rg8 27.
Bf1 Bd7 28. Bc4 Be8 29. Bd3 Rg7 30. Bf5 Rb4 31. Bc2 Rg8 32. Kd2 Bh5 33. Rhf1
Ng4 34. Re2 Rc8 35. Rf5 Bg6 36. Rf3 e4 37. Rh3 Bg7 38. Na2 Rb6 39. Ndc3 Ne5 40.
a5 Nf3+ 41. Kd1 Bxc3 42. Nxc3 0-1

[Event "Donostia Chess Festival"]
[Site "San Sebastian/Spain"]
[Date "2011.12.29"]
[Round "2"]
[White "Naiditsch, Arkadij"]
[Black "Barria Zuniga, Daniel"]
[Result "*"]
[ECO "A30"]
[WhiteElo "2712"]
[BlackElo "2438"]
[Annotator "Robot 9"]
[PlyCount "70"]
[EventDate "2011.??.??"]
[TimeControl "7200+30"]

1. c4 e6 2. Nc3 c5 3. Nf3 Nf6 4. g3 b6 5. Bg2 Bb7 6. O-O Be7 7. Re1 Ne4 8. Qc2
Nxc3 9. dxc3 d6 10. Bf4 Qc7 11. Rad1 Nc6 12. Ng5 Bxg5 13. Bxg5 f6 14. Bf4 Rd8
15. b3 O-O 16. e4 Ne5 17. Bc1 Bc6 18. f4 Nf7 19. h3 a6 20. Kh2 b5 21. cxb5 axb5
22. b4 c4 23. Qf2 Rfe8 24. g4 Qb7 25. Re2 Rd7 26. h4 e5 27. f5 d5 28. Red2 d4
29. cxd4 Bxe4 30. d5 Bxg2 31. Qxg2 e4 32. Rd4 e3 33. Re1 Qc7+ 34. Qg3 Ne5 35.
Kh3 Qb7 *

[Event "Donostia Chess Festival"]
[Site "San Sebastian/Spain"]
[Date "2011.12.29"]
[Round "2"]
[White "Barria Zuniga, Daniel"]
[Black "Naiditsch, Arkadij"]
[Result "*"]
[ECO "D50"]
[WhiteElo "2438"]
[BlackElo "2712"]
[Annotator "Robot 9"]
[PlyCount "67"]
[EventDate "2011.??.??"]
[TimeControl "7200+30"]

1. d4 Nf6 2. c4 e6 3. Nf3 d5 4. Nc3 c5 5. Bg5 cxd4 6. Qxd4 Nc6 7. Bxf6 gxf6 8.
Qh4 dxc4 9. e3 b5 10. Be2 Bd7 11. O-O f5 12. Qh5 b4 13. Nb5 a6 14. Nbd4 Nxd4
15. exd4 Bg7 16. Bxc4 O-O 17. Rad1 h6 18. Rfe1 Qc7 19. b3 Bb5 20. Ne5 Bxc4 21.
Nxc4 Rad8 22. Qh4 Rd5 23. Ne3 Qd8 24. Qxd8 Rdxd8 25. d5 f4 26. dxe6 Rxd1 27.
Nxd1 fxe6 28. Kf1 Rd8 29. Ke2 Rd5 30. g3 Ra5 31. gxf4 Rxa2+ 32. Kd3 Ra1 33. Kc2
Kf7 34. Re4 *

[Event "Donostia Chess Festival"]
[Site "San Sebastian/Spain"]
[Date "2011.12.30"]
[Round "3.1"]
[White "Gharamian, Tigran"]
[Black "Miton, Kamil"]
[Result "1/2-1/2"]
[ECO "C70"]
[WhiteElo "2676"]
[BlackElo "2622"]
[Annotator "Robot 3"]
[PlyCount "20"]
[EventDate "2011.??.??"]
[TimeControl "900+10"]

1. e4 e5 2. Nf3 Nc6 3. Bb5 a6 4. Ba4 Nge7 5. h4 d6 6. c3 b5 7. Bb3 Na5 8. Bc2
h5 9. d4 Ng6 10. dxe5 Nxe5 1/2-1/2

[Event "Donostia Chess Festival"]
[Site "San Sebastian/Spain"]
[Date "2011.12.30"]
[Round "3.1"]
[White "Miton, Kamil"]
[Black "Gharamian, Tigran"]
[Result "1-0"]
[ECO "E00"]
[WhiteElo "2622"]
[BlackElo "2676"]
[Annotator "Robot 3"]
[PlyCount "65"]
[EventDate "2011.??.??"]
[TimeControl "900+10"]

1. d4 Nf6 2. c4 e6 3. g3 d5 4. Bg2 Bb4+ 5. Nd2 O-O 6. Qc2 c5 7. dxc5 Bxc5 8.
Ngf3 Bb6 9. O-O Nc6 10. a3 a5 11. b3 d4 12. c5 Bc7 13. Nc4 e5 14. Bg5 h6 15.
Bxf6 Qxf6 16. Nfd2 Bf5 17. Qb2 Rfe8 18. Ne4 Bxe4 19. Bxe4 Qe6 20. e3 Rad8 21.
Rad1 f5 22. Bxc6 Qxc6 23. exd4 exd4 24. Rxd4 Qxc5 25. Rxd8 Rxd8 26. a4 f4 27.
Qc3 fxg3 28. hxg3 Rf8 29. Qe3 Qd5 30. Re1 Rf3 31. Qe8+ Kh7 32. Re3 Rf7 33. Qe4+
1-0

[Event "Donostia Chess Festival"]
[Site "San Sebastian/Spain"]
[Date "2011.12.30"]
[Round "3.1"]
[White "Mamedyarov, Shakhriyar"]
[Black "Libiszewski, Fabien"]
[Result "1-0"]
[ECO "E62"]
[WhiteElo "2733"]
[BlackElo "2500"]
[Annotator "Robot 3"]
[PlyCount "47"]
[EventDate "2011.??.??"]
[TimeControl "900+10"]

1. d4 Nf6 2. c4 g6 3. Nc3 Bg7 4. g3 O-O 5. Bg2 d6 6. Nf3 Nc6 7. O-O Bf5 8. b3
e5 9. d5 Ne7 10. h3 a5 11. Ne1 Bd7 12. e4 Ne8 13. Nd3 b6 14. Qe2 f5 15. Bd2 Nf6
16. Rae1 Nh5 17. exf5 Nxf5 18. Ne4 Nd4 19. Qd1 Nf6 20. Bg5 Qc8 21. Bxf6 Bxf6
22. Kh2 c5 23. f4 exf4 24. Nxf4 1-0

[Event "Donostia Chess Festival"]
[Site "San Sebastian/Spain"]
[Date "2011.12.30"]
[Round "3.1"]
[White "Maze, Sebastien"]
[Black "Van Wely, Loek"]
[Result "*"]
[ECO "A04"]
[WhiteElo "2577"]
[BlackElo "2686"]
[Annotator "Robot 3"]
[PlyCount "27"]
[EventDate "2011.??.??"]
[TimeControl "900+10"]

1. e4 c5 2. Nf3 e6 3. d3 Nc6 4. g3 g6 5. Bg2 Bg7 6. O-O d5 7. c3 h6 8. Re1 b6
9. h4 Qc7 10. e5 Ba6 11. d4 Rc8 12. Nbd2 cxd4 13. cxd4 Qd7 14. Nf1 *